 Dungeon Crawl Stone Soup version 0.20.0 (webtiles) character file.

2428 edsrzf the Cleaver (level 9, -12/82 HPs)
             Began as a Minotaur Gladiator on June 11, 2017.
             Was a Believer of Trog.
             Mangled by an orc warrior
             ... wielding a +0 glaive
              (26 damage)
             ... in a bailey.
             The game lasted 00:11:17 (4851 turns).

edsrzf the Cleaver (Minotaur Gladiator)             Turns: 4851, Time: 00:11:18

Health: -12/82     AC:  8    Str: 21    XL:     9   Next: 24%
Magic:  8/8        EV:  8    Int:  5    God:    Trog [**....]
Gold:   255        SH:  9    Dex: 13    Spells: 8/8 levels left

rFire    . . .     SeeInvis .   a - +0 war axe
rCold    . . .     Gourm    .   h - +2 shield
rNeg     . . .     Faith    .   v - +0 scale mail
rPois    .         Spirit   .   c - +0 hat
rElec    .         Reflect  .   x - +0 cloak
rCorr    .         Harm     .   (no gloves)
MR       .....                  (no boots)
Stlth    ..........             (no amulet)
Regen    0.3/turn               (no ring)
MPRegen  0.2/turn               (no ring)

@: berserk cooldown, very slightly contaminated, slowed, very slow
A: retaliatory headbutt, horns 2
a: Berserk, Trog's Hand, Burn Spellbooks, Renounce Religion


You were in a bailey.
You worshipped Trog.
Trog was pleased with you.
You were very hungry.

You visited 1 branch of the dungeon, and saw 7 of its levels.
You also visited: Sewer and Bailey.

You collected 255 gold pieces.

Inventory:

Hand Weapons
 a - a +0 war axe (weapon)
Missiles
 d - a throwing net {=f}
 l - 42 poisoned needles
 o - 13 tomahawks (quivered)
Armour
 c - a +0 hat (worn)
 h - a +2 shield (worn)
 v - a +0 scale mail (worn)
 x - a +0 cloak (worn)
 B - the +1 robe of the Beggar {*Corrode rPois rF+ Regen+, unknown}
   (You found it on level 4 of the Dungeon)

   It protects you from fire.
   It protects you from poison.
   It increases your rate of regeneration.
   It may corrode you when you take damage.
Wands
 D - a wand of iceblast (4/15)
Scrolls
 b - a scroll of blinking
 e - 7 scrolls of identify {@r1}
 g - 5 scrolls of teleportation {@r3}
 k - 2 scrolls of enchant weapon
 p - 2 scrolls of amnesia {unknown}
 s - 3 scrolls of immolation {unknown}
 t - 4 scrolls of remove curse {unknown}
 u - 2 scrolls of recharging {@r4}
 w - 2 scrolls of fog {unknown}
 y - a scroll of magic mapping {unknown}
Potions
 q - a potion of cancellation
 r - a potion of mutation {!q}
Comestibles
 f - 6 bread rations
 i - 4 royal jellies
 j - 3 meat rations
 n - 5 fruits
 E - 3 chunks of flesh


   Skills:
 + Level 8.7 Fighting
 * Level 11.8 Axes
 - Level 2.0 Throwing
 - Level 4.0 Armour
 - Level 3.2 Dodging


You had 8 spell levels left.
You didn't know any spells.

Dungeon Overview and Level Annotations

Branches:
Dungeon (7/15)             Temple (0/1) D:4

Altars:
Cheibriados
Sif Muna
Trog
The Shining One


Innate Abilities, Weirdness & Mutations

You reflexively headbutt those who attack you in melee.
You have a pair of horns on your head.


Message History

Press: ? - help, v - describe, . - travel
Here: an orc, wielding a spear and wearing a ring mail The floor.
Unknown command.
The orc hits you but does no damage.
You slash the orc!
You kill the orc!
Trog accepts your kill.
The centaur throws a javelin of returning.
The javelin of returning closely misses you.
The weapon returns to the centaur!
You are too berserk!
An orc comes into view. It is wielding a halberd.
The orc shouts!
The centaur throws a javelin of returning.
You block the javelin of returning.
The weapon returns to the centaur!
Things that are here:
a spear; a ring mail; an orc corpse You feel a strong urge to attack something.
An orc comes into view. It is wielding a halberd.
The orc shouts!
The centaur throws a javelin of returning.
You block the javelin of returning.
The weapon returns to the centaur!
You are no longer berserk.
You are exhausted.
You feel yourself slow down. You block the centaur's attack.
You are confused.
You feel invigorated. The centaur closely misses you.
The centaur completely misses you.
Press: ? - help, v - describe, . - travel
Here: a centaur, wielding a spear and wearing a chain mail Some shallow water.
Unknown command.
The centaur hits you from afar with a spear.
* * * LOW HITPOINT WARNING * * *
The centaur hits you but does no damage.
The orc hits you from afar with a halberd.
* * * LOW HITPOINT WARNING * * *
The centaur closely misses you.
The centaur hits you but does no damage. x2
The orc closely misses you.
An orc warrior comes into view. It is wielding a spear.
You nearly stumble into some deep water!
The orc warrior shouts!
The centaur closely misses you. The orc barely misses you.
The orc hits you but does no damage.
The centaur hits you but does no damage.
You feel less invigorated.
You feel less confused.
The centaur throws a javelin of returning.
The javelin of returning hits you.
* * * LOW HITPOINT WARNING * * *
The centaur throws a javelin of returning.
You block the javelin of returning.
The weapon returns to the centaur!
The orc barely misses you.
The centaur throws a javelin of returning.
The javelin of returning hits you.
* * * LOW HITPOINT WARNING * * *
You block the orc's attack. The orc completely misses you.
The centaur throws a javelin of returning.
The javelin of returning hits you but does no damage.
The weapon returns to the centaur!
The orc barely misses you.
You see here a javelin of returning.
An orc warrior comes into view. It is wielding a trident.
The orc warrior shouts!
The orc closely misses you. The orc hits you but does no damage.
You hit the orc but do no damage. You block the orc's attack.
The orc barely misses you.
As you read the scroll of teleportation {@r3}, it crumbles to dust.
You feel strangely unstable. You block the orc's attack. x2
The orc warrior hits you from afar with a spear!
* * * LOW HITPOINT WARNING * * *
Unknown command.
You hit the orc.
The orc is lightly wounded.
The orc hits you but does no damage. You block the orc's attack.
You block the orc warrior's attack. You block the orc's attack.
Your surroundings suddenly seem different.
An orc warrior comes into view. It is wielding a glaive.
The orc warrior shouts!
An orc warrior comes into view. It is wielding a halberd.
The orc warrior shouts!
An orc comes into view. It is wielding a trident.
The orc shouts!
You hear a shout!
The orc barely misses you. The orc warrior barely misses you.
You block the orc's attack. You block the orc warrior's attack.
Okay, then.
Fire/throw which item? (* to show all) (? for menu, Esc to quit)
Okay, then.
Okay, then.
Okay, then.
Evoke which item? (* to show all) (? for menu, Esc to quit)
Okay, then.
Unknown command.
Blink to where?
Press: ? - help, Dir - move target cursor
As you read the scroll of blinking, it crumbles to dust.
An orc warrior comes into view. It is wielding a glaive.
The orc warrior hits you from afar with a glaive!!
You die...

..
#..##.≈.≈≈..≈≈≈≈≈)(≈≈..⌠≈
#o.⌠#.≈≈.≈≈≈)(o()≈≈≈...≈≈
#o..#..≈≈..≈≈≈≈≈≈≈....≈≈#
#§..#.⌠.≈≈≈o..ooc.≈≈..≈##
#...##....≈≈≈≈≈≈≈≈≈...≈#
#.o..#####o...........≈#
#......o⌠##########+####
##..............
#.....@.......
##≈≈≈≈≈≈≈≈≈≈≈≈
#############


You could see 2 orc warriors and an orc.

Vanquished Creatures
  The ghost of SpeedrunTech the Chopper, an amateur MiBe of Trog (D:4)
  Edmund (D:5)
  An orc warrior (Bailey)
  A phantom (D:4)
  An ice beast (D:5)
  4 ogres
  5 centaurs
  A big kobold (D:6)
  A bullfrog (D:6)
  A gnoll sergeant (D:6)
  A scorpion (D:7)
  5 killer bees (D:7)
  A bullfrog zombie (D:6)
  A centaur zombie (D:5)
  A crimson imp (D:5)
  2 jellies
  3 hounds
  Crazy Yiuf (D:5)
  2 iguanas
  2 worker ants
  A worker ant zombie (D:6)
  2 gnolls (D:6)
  7 adders
  2 river rats (Sewer)
  A shadow imp (D:7)
  An ooze (D:4)
  4 worms
  A dart slug (D:4)
  5 leopard geckos
  12 orcs
  8 giant cockroaches
  7 goblins
  8 hobgoblins
  7 jackals
  10 kobolds
  A quokka (D:2)
  4 ball pythons
  9 bats
  17 frilled lizards
  11 rats
154 creatures vanquished.

Notes
Turn   | Place    | Note
-------+----------+-------------------------------------------
     0 | D:1      | edsrzf the Minotaur Gladiator began the quest for the Orb.
     0 | D:1      | Reached XP level 1. HP: 18/18 MP: 0/0
    55 | D:1      | Reached skill level 4 in Axes
   141 | D:1      | Reached XP level 2. HP: 25/25 MP: 1/1
   597 | D:1      | Reached skill level 3 in Fighting
   726 | D:1      | Identified 5 scrolls of identify
   726 | D:1      | Identified a scroll of enchant weapon
  1113 | D:2      | Reached XP level 3. HP: 27/31 MP: 2/2
  1234 | D:2      | Identified 3 scrolls of teleportation
  1235 | D:2      | Identified a scroll of recharging
  1245 | D:2      | HP: 1/31 [poisoned by an adder]
  1251 | D:3      | Identified a potion of heal wounds
  1398 | D:3      | Reached skill level 5 in Axes
  1500 | D:3      | Reached XP level 4. HP: 27/40 MP: 3/3
  1891 | D:4      | Found a deep blue altar of Sif Muna.
  1891 | D:4      | Found a glowing golden altar of the Shining One.
  1892 | D:4      | Found a bloodstained altar of Trog.
  1898 | D:4      | Became a worshipper of Trog the Wrathful
  1989 | D:4      | Noticed an ogre
  1996 | D:4      | Killed an ogre
  1996 | D:4      | Reached skill level 4 in Fighting
  1996 | D:4      | Reached skill level 6 in Axes
  1996 | D:4      | Reached XP level 5. HP: 47/47 MP: 4/4
  2046 | D:4      | Noticed a phantom
  2056 | D:4      | Killed a phantom
  2056 | D:4      | Reached XP level 6. HP: 55/55 MP: 5/5
  2195 | D:4      | Noticed SpeedrunTech's ghost (amateur MiBe)
  2219 | D:5      | Entered Level 5 of the Dungeon
  2229 | D:5      | Reached skill level 5 in Fighting
  2229 | D:5      | Reached skill level 7 in Axes
  2248 | D:5      | Identified a potion of cancellation
  2249 | D:5      | Identified a potion of mutation
  2253 | D:5      | Noticed Edmund
  2263 | D:5      | Killed Edmund
  2359 | D:5      | Found a glowing drain.
  2386 | Sewer    | Entered a sewer
  2741 | D:5      | Noticed an ice beast
  2889 | D:4      | Reached skill level 1 in Armour
  2890 | D:4      | Reached * piety under Trog
  2914 | D:4      | Reached XP level 7. HP: 50/61 MP: 6/6
  2974 | D:4      | Got a transparent robe
  2986 | D:4      | Reached skill level 8 in Axes
  3127 | D:4      | Killed SpeedrunTech's ghost
  3127 | D:4      | Reached skill level 6 in Fighting
  3127 | D:4      | Reached skill level 2 in Armour
  3325 | D:4      | Found a staircase to the Ecumenical Temple.
  3452 | D:5      | Reached skill level 9 in Axes
  3452 | D:5      | Reached skill level 3 in Armour
  3560 | D:5      | Reached XP level 8. HP: 57/71 MP: 7/7
  3646 | D:5      | Found a runed door.
  3650 | D:5      | Noticed Crazy Yiuf
  3654 | D:5      | Killed Crazy Yiuf
  3738 | D:5      | Found a snail-covered altar of Cheibriados.
  3835 | D:6      | Reached skill level 7 in Fighting
  3835 | D:6      | Reached skill level 4 in Armour
  4025 | D:6      | Reached skill level 10 in Axes
  4219 | D:6      | Reached ** piety under Trog
  4652 | D:7      | Reached skill level 11 in Axes
  4662 | D:7      | Identified a potion of ambrosia
  4663 | D:7      | Identified 2 potions of degeneration
  4683 | D:7      | Reached skill level 8 in Fighting
  4698 | D:7      | Reached XP level 9. HP: 81/81 MP: 8/8
  4767 | D:7      | Found a flagged portal.
  4772 | Bailey   | Entered a bailey
  4825 | Bailey   | Identified 3 scrolls of blinking
  4829 | Bailey   | HP: 4/123 [centaur/halberd (10)]
  4851 | Bailey   | Mangled by an orc warrior

Skill      XL: |  1  2  3  4  5  6  7  8 |
---------------+-------------------------+-----
Axes           | 4 5 6 7 9 11 | 11.8
Fighting       | 3 4 5 6 8 |  8.7
Armour         | 1 3 4 |  4.0
Throwing       | |  2.0
Dodging        | |  3.2

Action                   |  1- 3 |  4- 6 |  7- 9 || total
-------------------------+-------+-------+-------++-------
Melee: War axe           |    74 |   118 |   174 ||   366
       Headbutt          |    10 |    22 |    37 ||    69
Throw: Throwing net      |       |     2 |       ||     2
       Tomahawk          |       |     3 |       ||     3
Invok: Berserk           |       |       |     7 ||     7
Evoke: Wand              |       |       |     1 ||     1
  Use: Scroll            |     3 |     2 |     6 ||    11
       Potion            |     1 |       |     5 ||     6
 Stab: Held in net/web   |       |     2 |       ||     2
  Eat: Chunk             |     2 |     5 |     6 ||    13
       Meat ration       |       |       |     1 ||     1
Armor: Leather armour    |     9 |     9 |       ||    18
       Scale mail        |       |    18 |    68 ||    86
Dodge: Dodged            |    25 |    37 |    78 ||   140
Block: Shield            |    28 |    48 |   116 ||   192
